 Dungeon Crawl Stone Soup version 0.30.1-11-g7821555f0a (webtiles) character file.

Game seed: 6579018572255178712

1587 Cheops the Frost Mage (level 8, -1/58 HPs)
             Began as a Merfolk Ice Elementalist on Nov 10, 2023.
             Slain by a jelly (2 damage)
             ... on level 5 of the Dungeon.
             The game lasted 00:30:43 (6534 turns).

Cheops the Frost Mage (Merfolk Ice Elementalist)    Turns: 6534, Time: 00:30:44

Health: -1/58      AC:  3    Str: 10    XL:     8   Next: 92%
Magic:  1/12       EV: 12    Int: 14    God:
Gold:   262        SH:  0    Dex: 15    Spells: 2/13 levels left

rFire   . . .        a - +0 spear
rCold   . . .        (no shield)
rNeg    . . .        c - +0 robe
rPois   .            t - +0 helmet
rElec   .            (no cloak)
rCorr   .            (no gloves)
SInv    .            (no boots)
Will    .....        (no amulet)
Stlth   ++           (no ring)
HPRegen 0.29/turn    (no ring)
MPRegen 0.13/turn

%: no passive effects
@: about to teleport
A: (nimble swimmer 2), mertail
a: no special abilities


You were on level 5 of the Dungeon.
You visited 1 branch of the dungeon, and saw 5 of its levels.
You also visited: Sewer.

You collected 262 gold pieces.

Inventory:

Hand Weapons
 a - a +0 spear (weapon)
 b - a +0 short sword of protection
 g - a +0 spear
 n - a +2 dagger of freezing
 o - a +1 dagger of speed
Armour
 c - a +0 robe (worn)
 t - a +0 helmet (worn)
Jewellery
 w - a ring of willpower
Wands
 x - a wand of polymorph (9)
 y - a wand of flame (17)
Scrolls
 f - 2 scrolls of fog
 h - 2 scrolls of enchant armour
 j - a scroll of immolation
 l - 2 scrolls of poison
 q - 2 scrolls of butterflies
 u - a scroll of enchant weapon {unknown}
Potions
 d - a potion of flight
 e - 2 potions of lignification {unknown}
 i - 3 potions of curing {unknown}
 k - a potion of mutation {unknown}
 m - 3 potions of heal wounds {unknown}
 p - a potion of resistance {unknown}
 r - 2 potions of berserk rage {unknown}
Miscellaneous
 v - a phial of floods


   Skills:
 - Level 3.0 Fighting
 + Level 6.9 Polearms
 - Level 2.6 Dodging
 - Level 2.1 Stealth
 - Level 3.0 Spellcasting
 - Level 6.0 Summonings
 - Level 8.0 Ice Magic


You had 2 spell levels left.
You knew the following spells:

 Your Spells              Type           Power      Damage    Failure   Level
a - Freeze                Ice            96%        1d10      1%          1
r - Frozen Ramparts       Ice            48%        1d8       2%          3
A - Ozocubu's Armour      Ice            24%        N/A       2%          3
I - Summon Ice Beast      Ice/Summ       21%        N/A       12%         4

Your spell library contained the following spells:

 Spells                   Type           Power      Damage    Failure   Level
 Scorch                   Fire           4%         2d5       32%         2
 Sublimation of Blood     Necr           2%         N/A       32%         2
 Tukima's Dance           Hex            2%         N/A       54%         3
 Flame Wave               Conj/Fire      2%         2d4       91%         4
 Manifold Assault         Tloc           2%         N/A       91%         4
 Passage of Golubria      Tloc           2%         N/A       91%         4
 Petrify                  Tmut/Erth      2%         N/A       91%         4
 Summon Cactus Giant      Summ           9%         N/A       95%         6
 Irradiate                Conj/Tmut      1%         3d12      99%         5
 Yara's Violent Unravell  Hex/Tmut       1%         3d3       99%         5
 Dispersal                Tloc           1%         N/A       100%        6
 Disjunction              Tloc           1%         N/A       100%        8


Dungeon Overview and Level Annotations

Branches:
Dungeon (5/15)             Temple (0/1) D:5           Sewer (visited)

Altars:
Ashenzari

Shops:
D:1 (   D:5 ((


Innate Abilities, Weirdness & Mutations

((You are very nimble when in or above water. (Stealth+, EV+, Speed+++)))
Your lower body shifts to a powerful aquatic tail in water.


Message History

a +0 whip; a +0 leather armour The phantom attacks as you move away!
The phantom hits you.
* * * LOW HITPOINT WARNING * * *
Casting: Freeze (safe; 1% risk of failure)
Confirm with . or Enter, or press ? or * to list all spells.
Okay, then.
You hit the phantom but do no damage.
The phantom is severely damaged.
The phantom hits you but does no damage.
You hit the phantom.
The phantom is almost destroyed.
The phantom hits you.
* * * LOW HITPOINT WARNING * * *
The phantom blinks!
You blink.
The phantom attacks as you move away! The phantom barely misses you.
Casting: Freeze (safe; 1% risk of failure)
Confirm with . or Enter, or press ? or * to list all spells.
Casting: Frozen Ramparts (dangerous; 2% risk of failure)
Press: ? - help, Dir - look around, f - activate The walls around you are covered in ice.
The phantom completely resists.
The wall freezes the phantom but does no damage.
The phantom hits you.
* * * LOW HITPOINT WARNING * * *
The phantom blinks!
You blink.
The frozen ramparts melt away as you move.
The jelly hits you.
* * * LOW HITPOINT WARNING * * *
You are splashed with acid!
* * * LOW HITPOINT WARNING * * *
The jelly attacks as you move away! The jelly hits you but does no damage.
The phantom closely misses you.
As you read the scroll labelled JYANGE YW REIMM, it crumbles to dust.
You feel strangely unstable.
It was a scroll of teleportation.
The phantom completely misses you. The jelly hits you.
* * * LOW HITPOINT WARNING * * *
You are splashed with acid.
* * * LOW HITPOINT WARNING * * *
The jelly attacks as you move away! The jelly hits you.
You die...

#########.#..####.#.# #.##
#............#..._..# #.##
#.#######..).#.##.#.# #.## #.#
#...........###.## # #.#
#.#.#####......... # #####>#
####.#.# #.#####.## # ##.....#
##...)#.#####.#####.#
###...######.....#..........##.#
.........)......@#!.....<......#
........####..)JW##.#.##..#.####
#####..## ##....##.#.##..#.#####
# #.## ##.#.##.#.###........ #
#.# #.#......###...##### ### #.#
#.####.#.....∩...... ### #.#
#..........#.####### ⌠####.#
######.###.#.# .+....# #.# #.#.#


You could see a phantom and a jelly.

Vanquished Creatures
  Grinder (D:4)
  Edmund (D:5)
  A water moccasin (D:5)
  A black bear (D:4)
  An ogre (D:4)
  Blork the orc (D:4)
  A bullfrog (Sewer)
  3 scorpions
  2 hounds
  2 jellies (D:3)
  4 orc priests
  Ijyb (D:3)
  A sleepcap (D:5)
  2 iguanas
  2 orc wizards (D:4)
  6 gnolls
  13 adders
  An ufetubus (D:5)
  4 dart slugs
  11 orcs
  15 endoplasms
  13 giant cockroaches
  5 goblins
  9 hobgoblins
  4 jackals (D:1)
  10 quokkas
  14 ball pythons
  3 bats
  14 frilled lizards
  13 kobolds
  6 rats
165 creatures vanquished.

Notes
Turn   | Place    | Note
-------+----------+-------------------------------------------
     0 | D:1      | Cheops the Merfolk Ice Elementalist began the quest for the
                  | Orb.
     0 | D:1      | Reached XP level 1. HP: 13/13 MP: 3/3
    83 | D:1      | Found Lucliv's Weapon Emporium.
   221 | D:1      | Reached XP level 2. HP: 19/19 MP: 3/5
   879 | D:1      | Reached XP level 3. HP: 24/24 MP: 4/7
   885 | D:1      | Learned a level 3 spell: Frozen Ramparts
   889 | D:1      | Learned a level 3 spell: Ozocubu's Armour
  1290 | D:2      | Reached skill level 5 in Ice Magic
  1624 | D:2      | Reached XP level 4. HP: 30/30 MP: 6/8
  2005 | D:3      | Noticed Ijyb
  2016 | D:3      | Killed Ijyb
  2017 | D:3      | Reached skill level 6 in Ice Magic
  2144 | D:3      | Reached XP level 5. HP: 33/35 MP: 5/9
  2477 | D:3      | Reached skill level 7 in Ice Magic
  2575 | D:3      | Reached XP level 6. HP: 39/41 MP: 7/10
  2664 | D:3      | Learned a level 4 spell: Summon Ice Beast
  3489 | D:4      | Noticed Grinder
  3492 | D:4      | Paralysed by Grinder for 5 turns
  3499 | D:4      | Reached skill level 8 in Ice Magic
  3506 | D:4      | Reached skill level 1 in Summonings
  3511 | D:4      | Paralysed by Grinder for 3 turns
  3532 | D:4      | Paralysed by Grinder for 5 turns
  3539 | D:4      | Paralysed by Grinder for 4 turns
  4049 | D:4      | Reached XP level 7. HP: 46/46 MP: 4/11
  4486 | D:4      | Reached skill level 5 in Summonings
  4601 | D:4      | Noticed Blork the orc
  4618 | D:4      | Killed Blork the orc
  4619 | D:4      | Reached XP level 8. HP: 46/52 MP: 2/12
  4786 | D:4      | Paralysed by Grinder for 2 turns
  5020 | D:4      | Killed Grinder
  5249 | D:5      | Entered Level 5 of the Dungeon
  5290 | D:5      | Found a broken altar of Ashenzari.
  5327 | D:5      | Found Luoklong's Weapon Boutique.
  5378 | D:5      | Noticed Edmund
  5454 | D:5      | Found Jeseb's Weapon Shop.
  5467 | D:5      | Killed Edmund
  5483 | D:5      | Reached skill level 5 in Polearms
  5492 | D:5      | Found a glowing drain.
  5560 | Sewer    | Entered a sewer
  6144 | D:5      | Found a staircase to the Ecumenical Temple.
  6533 | D:5      | HP: 1/58 [acid (4)]
  6534 | D:5      | Slain by a jelly

Illustrated notes

Levels and vault maps discovered:
D:1:      dreamdust_arrival_beginning_and_end, layout_loops_ring, serial_shops,
          shop
D:2:      layout_rooms
D:3:      cheibrodos_fertilizer, layout_basic, minmay_misc_feat_encased,
          uniq_ijyb
D:4:      nicolae_cairo_tiling_large, layout_loops_cross, uniq_grinder,
          uniq_blork_the_orc
D:5:      layout_loops_ring, ashenzari_altar_1, temple_doors_e,
          portal_sewer_entry_f, serial_shops, nicolae_shop_tiny_real_fake_doors,
          shop, uniq_edmund

Skill      XL: |  1  2  3  4  5  6  7  8 |
---------------+-------------------------+-----
Spellcasting   | 3 |  3.0
Ice Magic      | 5 6 7 8 |  8.0
Summonings     | 2 5 6 |  6.0
Fighting       | 3 |  3.0
Polearms       | 6 |  6.9
Dodging        | |  2.6
Stealth        | |  2.1

Action                     |  1- 3 |  4- 6 |  7- 9 || total
---------------------------+-------+-------+-------++-------
  Melee: Dagger            |       |    21 |    23 ||    44
         Punch             |       |     1 |       ||     1
         Spear             |       |       |    34 ||    34
         Tailslap          |       |       |     1 ||     1
   Cast: Freeze            |    69 |    98 |   118 ||   285
         Frozen Ramparts   |       |     8 |    15 ||    23
         Ozocubu's Armour  |       |     1 |     3 ||     4
         Summon Ice Beast  |       |     1 |       ||     1
  Evoke: Wand              |       |       |     3 ||     3
    Use: Scroll            |       |     6 |     4 ||    10
         Potion            |       |     1 |       ||     1
 Armour: Robe              |    10 |    18 |    23 ||    51
  Dodge: Dodged            |    25 |    65 |    98 ||   188
